[Event "2nd FIDE WCC Rapid G10"]
[Site "Minsk"]
[Date "2018.06.22"]
[Round "1"]
[White "Edithso, Samantha"]
[Black "Filippova, Varvara"]
[Result "1-0"]
[ECO "C55"]
[WhiteElo "1714"]
[BlackElo "1155"]
[Annotator "NA RC"]
[PlyCount "97"]
[EventDate "2018.06.22"]
[EventType "rapid"]
[EventCountry "BLR"]
[SourceTitle "playchess.com"]
[Source "ChessBase"]
[SourceQuality "1"]
[TimeControl "600+5"]

1. e4 e5 2. Nf3 Nc6 3. Bc4 Nf6 4. d3 h6 5. O-O Bc5 6. c3 Bb6 7. Be3 d5 8. exd5 Nxd5 9. Bxd5 Qxd5 10. c4 Qd8 11. Nc3 Bg4 12. Nd5 O-O 13. h3 Bh5 14. b4 Bd4 15. Rc1 a5 16. b5 Nb4 17. Bxd4 exd4 18. Nxb4 axb4 19. g4 Bg6 20. Qb3 Qf6 21. Kg2 Qd6 22. c5 Qe6 23. Rc4 Qd5 24. Rfc1 b6 25. Rxd4 Qxb3 26. axb3 Ra3 27. Rxb4 Bxd3 28. cxb6 cxb6 29. Ne5 Bg6 30. Rc6 Rb8 31. Nxg6 fxg6 32. Rxg6 Kf7 33. Rc6 Rb7 34. Rf4+ Kg8 35. b4 Rb3 36. Rd4 Kh7 37. Rf4 Kg8 38. Re6 Rb8 39. Re3 Rb2 40. Kg3 g6 41. Rf6 Kg7 42. Rf4 g5 43. Rfe4 Rb7 44. Re7+ Rxe7 45. Rxe7+ Kf6 46. Rb7 Rxb4 47. Rxb6+ {[%emt 0:00:01] Rb3+ [%clk 0:02:20] Rb7 Rb2 Rb6+ [%clk 0:07:33] Rb4 [%clk 0:02:17] Rb8 [%clk 0:07:24]} Ke5 48. Kg2 Rb3 {[%emt 0:00:14] b6 [%clk 0:07:27] Kd5 [%clk 0:02:02] Rh8 [%clk 0:07:21] Kc6 [%clk 0:01:54]} 49. Rxh6 {[%emt 0:00:00] Rxb6 [%clk 0:01:58]} 1-0

[Event "2nd FIDE WCC Rapid G10"]
[Site "Minsk"]
[Date "2018.06.22"]
[Round "1"]
[White "Vlasova, Olesia"]
[Black "Zavezion, Nika"]
[Result "0-1"]
[ECO "B11"]
[WhiteElo "1682"]
[BlackElo "1135"]
[Annotator "NA RC"]
[PlyCount "110"]
[EventDate "2018.06.22"]
[EventType "rapid"]
[EventCountry "BLR"]
[SourceTitle "playchess.com"]
[Source "ChessBase"]
[SourceQuality "1"]
[TimeControl "600+5"]

1. e4 c6 2. Nc3 d5 3. Nf3 Bg4 4. h3 Bxf3 5. Qxf3 Nf6 6. d3 e6 7. Bd2 Bc5 8. O-O-O Qb6 9. Na4 Qb5 10. Nxc5 Qxc5 11. Qg3 O-O 12. e5 Nfd7 13. Bh6 g6 14. Bxf8 Kxf8 15. d4 Qa5 16. Kb1 Nb6 17. Qh4 Kg8 18. Qd8+ Kg7 19. h4 h5 20. Be2 N8d7 21. Qg5 Rh8 22. g4 hxg4 23. h5 Na4 24. hxg6 Qb6 25. gxf7+ Kxf7 26. Qf4+ Ke7 27. Qc1 Nc3+ 28. Ka1 Nxe2 29. Qd2 Rxh1 30. Rxh1 Nxd4 31. Rh7+ Kd8 32. c3 Qb5 33. Rh1 Nf3 34. Qf4 Kc7 35. Qxg4 Nfxe5 36. Qg3 Kb6 37. f4 Nc4 38. Qf2+ Ka6 39. b3 Nd6 40. Re1 Nc5 41. Qe2 Nde4 42. Qxb5+ Kxb5 43. Re3 a5 44. Kb2 b6 45. c4+ dxc4 46. bxc4+ Kxc4 47. Kc2 Kd4 48. Re1 Kc4 49. Re3 b5 50. a3 a4 51. Rf3 Nb3 52. f5 Nd4+ 53. Kc1 Nxf3 54. fxe6 Nd6 55. e7 c5 0-1

[Event "2nd FIDE WCC Rapid G10"]
[Site "Minsk"]
[Date "2018.06.22"]
[Round "1"]
[White "Kleymenova, Valeria"]
[Black "Haapsal, Maria Ioanna"]
[Result "1-0"]
[ECO "D00"]
[WhiteElo "1669"]
[BlackElo "1063"]
[Annotator "NA RC"]
[PlyCount "55"]
[EventDate "2018.06.22"]
[EventType "rapid"]
[EventCountry "BLR"]
[SourceTitle "playchess.com"]
[Source "ChessBase"]
[SourceQuality "1"]
[TimeControl "600+5"]

1. d4 d5 2. e3 e6 3. f4 Nf6 4. Nf3 Be7 5. Bd3 b6 6. O-O O-O 7. Qe2 Bb7 8. Nbd2 Nbd7 9. Ne5 Rc8 10. c3 c5 11. Ndf3 Re8 12. Nxf7 Kxf7 13. Ng5+ Kg8 14. Nxe6 Qc7 15. Nxc7 Rxc7 16. Bd2 cxd4 17. cxd4 Rec8 18. Rac1 Rxc1 19. Rxc1 Rd8 20. Rc7 Rb8 21. Ba6 Bxa6 22. Qxa6 Rd8 23. Rxa7 Ne4 24. Bb4 Bxb4 25. Rxd7 Re8 26. Qb7 Nf6 27. Rxg7+ Kh8 28. Rf7 1-0

[Event "2nd FIDE WCC Rapid G10"]
[Site "Minsk"]
[Date "2018.06.22"]
[Round "1"]
[White "Nandin-Erdene, Davaademberel"]
[Black "Jansone, Melanija Luize"]
[Result "1-0"]
[ECO "B01"]
[WhiteElo "1491"]
[BlackElo "1096"]
[Annotator "NA RC"]
[PlyCount "155"]
[EventDate "2018.06.22"]
[EventType "rapid"]
[EventCountry "BLR"]
[SourceTitle "playchess.com"]
[Source "ChessBase"]
[SourceQuality "1"]
[TimeControl "600+5"]

1. e4 d5 2. exd5 Qxd5 3. Nc3 Qd8 4. d4 Nf6 5. Nf3 e6 6. Be3 Nc6 7. Be2 Bd6 8. a3 O-O 9. h3 h6 10. O-O Re8 11. Qd2 e5 12. Rad1 exd4 13. Nxd4 Nxd4 14. Bxd4 Be6 15. Rfe1 a6 16. Bf3 Rb8 17. Qc1 Qe7 18. Bxf6 Qxf6 19. Ne4 Qf4 20. Nxd6 Qxc1 21. Rxc1 cxd6 22. Rcd1 Red8 23. Rd4 b5 24. Red1 Rb6 25. b3 Bf5 26. Be4 Bxe4 27. Rxe4 Rc6 28. c4 bxc4 29. bxc4 Rdc8 30. Rdd4 g6 31. Kf1 Kg7 32. Ke2 Rb8 33. Rd3 Rbc8 34. Rdd4 Rb8 35. Re3 Rbc8 36. Kd3 Rd8 37. Kc3 Rc5 38. Red3 Rc6 39. Kb4 Rb8+ 40. Kc3 Rd8 41. Rd5 Kg8 42. c5 Rdc8 43. Kb4 dxc5+ 44. Kc4 Kg7 45. Re3 Rf6 46. f3 Rf4+ 47. Re4 Rf6 48. Rxc5 Rxc5+ 49. Kxc5 Rf5+ 50. Kb6 Rf6+ 51. Ka5 Rd6 52. Re2 Rd3 53. Ra2 Rd6 54. Rb2 Rd3 55. a4 Rd6 56. Rb6 Rd5+ 57. Kxa6 Rd4 58. a5 Ra4 59. Rb5 Ra2 60. Kb6 Rxg2 61. a6 Ra2 62. a7 h5 63. Ra5 Rb2+ 64. Ka6 Rb3 65. a8=Q Re3 66. Qd8 Re6+ 67. Ka7 Re2 68. Qd4+ Kh7 69. Re5 Ra2+ 70. Kb7 Ra3 71. Qf4 Rb3+ 72. Kc6 Rc3+ 73. Rc5 Rxc5+ 74. Kxc5 Kg7 75. Kd6 Kg8 76. Ke7 Kh8 77. Kf8 f5 78. Qh6# 1-0

[Event "2nd FIDE WCC Rapid G10"]
[Site "Minsk"]
[Date "2018.06.22"]
[Round "1"]
[White "Szczotka, Klara"]
[Black "Zheleznova, Alina"]
[Result "1-0"]
[ECO "C62"]
[WhiteElo "1465"]
[BlackElo "1108"]
[Annotator "NA RC"]
[PlyCount "103"]
[EventDate "2018.06.22"]
[EventType "rapid"]
[EventCountry "BLR"]
[SourceTitle "playchess.com"]
[Source "ChessBase"]
[SourceQuality "1"]
[TimeControl "600+5"]

1. e4 e5 2. Nf3 Nc6 3. Bb5 d6 4. c3 Nf6 5. d3 h6 6. Nbd2 Bd7 7. h3 a6 8. Ba4 Be7 9. Nf1 d5 10. Qe2 d4 11. Bc2 O-O 12. g4 g5 13. Ng3 Be6 14. Nf5 Qd7 15. Nxh6+ Kh7 16. Nf5 Ng8 17. Nxg5+ Bxg5 18. Bxg5 f6 19. Bd2 Nge7 20. Nxe7 Nxe7 21. g5 fxg5 22. Qh5+ Kg7 23. Qxg5+ Kf7 24. Qxe5 dxc3 25. Bxc3 Ke8 26. O-O-O Nc6 27. Qh5+ Bf7 28. Qe2 Nd4 29. Bxd4 Qxd4 30. Qe3 Qe5 31. f4 Qe6 32. Bb3 Qc6+ 33. Kb1 Bxb3 34. axb3 Qf6 35. Rhf1 Qe6 36. d4 c6 37. f5 Qd6 38. e5 Qd5 39. Qf3 Qf7 40. e6 Qf6 41. Qe4 Rh8 42. Rd3 Rh4 43. Qe3 Rd8 44. Rf4 Rxf4 45. Qxf4 c5 46. d5 b5 47. Qe4 Rc8 48. d6 Rd8 49. e7 Rxd6 50. Re3 Rd7 51. Qa8+ Kf7 52. Qf8# {[%emt 0:00:05] Ke8} 1-0

[Event "2nd FIDE WCC Rapid G10"]
[Site "Minsk"]
[Date "2018.06.22"]
[Round "1"]
[White "Dallemura, Julia"]
[Black "Kirdyashkina, Ekaterina"]
[Result "0-1"]
[ECO "C70"]
[WhiteElo "1151"]
[BlackElo "1463"]
[Annotator "NA RC"]
[PlyCount "180"]
[EventDate "2018.06.22"]
[EventType "rapid"]
[EventCountry "BLR"]
[SourceTitle "playchess.com"]
[Source "ChessBase"]
[SourceQuality "1"]
[TimeControl "600+5"]

1. e4 e5 2. Nf3 Nc6 3. Bb5 a6 4. Ba4 b5 5. Bb3 Nf6 6. d3 h6 7. Bd5 Bd6 8. O-O O-O 9. Re1 Re8 10. Bxc6 dxc6 11. d4 Bg4 12. dxe5 Bxf3 13. Qxf3 Bxe5 14. Nc3 Qd6 15. h3 Rad8 16. Rd1 Qe6 17. Rxd8 Rxd8 18. Bf4 Bxc3 19. Qxc3 Nxe4 20. Qe3 Nd6 21. Qa7 Qc8 22. Rd1 g5 23. Bg3 Rd7 24. b3 f5 25. Be5 Nf7 26. Rxd7 Qxd7 27. Qa8+ Kh7 28. Bc3 Qd1+ 29. Kh2 Qxc2 30. Bd4 Qe4 31. Be3 f4 32. Bc5 f3 33. Qf8 Qd5 34. Bd4 Qxd4 35. Qxf7+ Qg7 36. Qxf3 Qd7 37. Qc3 Qd6+ 38. g3 c5 39. Qc2+ Kg7 40. Qc3+ Kf7 41. Qf3+ Qf6 42. Qd5+ Kg7 43. Qd7+ Qf7 44. Qd2 Qe7 45. Qc3+ Kf7 46. Qf3+ Kg8 47. Qd5+ Kg7 48. Qf3 Qe5 49. Qd1 Qd6 50. Qa1+ Kf7 51. Qb1 Qg6 52. Qd1 Ke7 53. Qe2+ Qe6 54. Qc2 Kd6 55. Qd3+ Kc6 56. Qf3+ Kd7 57. Qd3+ Kc8 58. Qc3 Qf5 59. Qh8+ Kb7 60. Qb2 Qf7 61. Qe2 Qd5 62. Qc2 c4 63. bxc4 Qxc4 64. Qd2 Qe6 65. a3 Qd6 66. Qa2 Kb6 67. Qb3 Qf6 68. Qe3+ Kb7 69. Qe4+ Qc6 70. Qb1 Qf3 71. Qb2 Qe4 72. Qd2 Kb6 73. Qb2 Qe6 74. Qd4+ Kb7 75. Qe4+ Qxe4 76. g4 Qf4+ 77. Kg2 Qc1 78. f3 Qxa3 79. Kg3 Kc6 80. h4 Kd5 81. hxg5 hxg5 82. Kf2 Ke5 83. Kg3 Qe3 84. Kg2 Kf4 85. Kh2 Qe2+ 86. Kh3 Qxf3+ 87. Kh2 Kxg4 88. Kg1 Qe2 89. Kh1 Kg3 90. Kg1 Qe1# 0-1

[Event "2nd FIDE WCC Rapid G10"]
[Site "Minsk"]
[Date "2018.06.22"]
[Round "1"]
[White "Dalatsenka, Volha"]
[Black "Shukhman, Anna"]
[Result "0-1"]
[ECO "E91"]
[WhiteElo "1128"]
[BlackElo "1577"]
[Annotator "NA RC"]
[PlyCount "148"]
[EventDate "2018.06.22"]
[EventType "rapid"]
[EventCountry "BLR"]
[SourceTitle "playchess.com"]
[Source "ChessBase"]
[SourceQuality "1"]
[TimeControl "600+5"]

1. d4 Nf6 2. c4 g6 3. Nc3 Bg7 4. e4 d6 5. Be2 O-O 6. Nf3 Bg4 7. O-O Nfd7 8. h3 Bxf3 9. Bxf3 Nc6 10. Be3 e5 11. d5 Ne7 12. Bg5 h6 13. Be3 f5 14. Qd2 f4 15. Bxf4 exf4 16. Bg4 Ne5 17. Be6+ Kh7 18. b3 c6 19. Rac1 f3 20. g3 h5 21. Nd1 Ng8 22. h4 Nf6 23. Ne3 Nxe4 24. Qc2 Nc5 25. Bh3 Bh6 26. Rcd1 Qf6 27. Qd2 Rad8 28. Qd4 Bxe3 29. Qxe3 cxd5 30. Rxd5 Rfe8 31. Qd4 Qe7 32. Rd1 Nc6 33. Qd2 Qe2 34. Qxe2 fxe2 35. Re1 Nb4 36. Rd2 Re5 37. Rdxe2 Rde8 38. Rxe5 Rxe5 39. Rxe5 dxe5 40. a3 Nc2 41. b4 Ne4 42. f3 Nd2 43. Bc8 b6 44. c5 bxc5 45. bxc5 Nxf3+ 46. Kf2 Nfd4 47. Bd7 Nxa3 48. c6 Nab5 49. Ke3 a5 50. Ke4 a4 51. c7 Nxc7 52. Bxa4 Ne2 53. Kxe5 Nxg3 54. Kd6 Nf5+ 55. Kxc7 Nxh4 56. Kd6 Nf5+ 57. Ke5 Kh6 58. Bc2 Ne3 59. Bd3 g5 60. Ke4 Ng4 61. Be2 Nf6+ 62. Kf3 g4+ 63. Kg3 Kg5 64. Kg2 h4 65. Kh2 Ne4 66. Kg2 h3+ 67. Kh2 Kh4 68. Bxg4 Kxg4 69. Kg1 Kg3 70. Kh1 Nf2+ 71. Kg1 h2+ 72. Kf1 h1=Q+ 73. Ke2 Qd1+ 74. Ke3 Qd3# {[%emt 0:00:01] Kd4} 0-1

[Event "2nd FIDE WCC Rapid G10"]
[Site "Minsk"]
[Date "2018.06.22"]
[Round "1"]
[White "Liepina, Elza"]
[Black "Shvedova, Alexandra"]
[Result "0-1"]
[ECO "B50"]
[WhiteElo "1112"]
[BlackElo "1758"]
[Annotator "NA RC"]
[PlyCount "70"]
[EventDate "2018.06.22"]
[EventType "rapid"]
[EventCountry "BLR"]
[SourceTitle "playchess.com"]
[Source "ChessBase"]
[SourceQuality "1"]
[TimeControl "600+5"]

1. e4 c5 2. Nf3 d6 3. Bc4 Nf6 4. Nc3 a6 5. O-O e6 6. d4 cxd4 7. Nxd4 Be7 8. Bg5 O-O 9. Bxf6 Bxf6 10. h3 Nc6 11. Nxc6 bxc6 12. b4 Bxc3 13. Rb1 Bf6 14. a3 d5 15. exd5 cxd5 16. Ba2 Bd7 17. Re1 Rc8 18. Rc1 Ba4 19. Bb3 Bxb3 20. cxb3 Bc3 21. Rf1 Qf6 22. Qd3 a5 23. bxa5 Bxa5 24. Rxc8 Rxc8 25. Qa6 Qd8 26. b4 Bc7 27. Rc1 Bh2+ 28. Kxh2 Rxc1 29. a4 Qb8+ 30. g3 Qxb4 31. h4 Qc5 32. Kh3 h6 33. h5 Qxf2 34. Qd3 Rh1+ 35. Kg4 f5+ 0-1

[Event "2nd FIDE WCC Rapid G10"]
[Site "Minsk"]
[Date "2018.06.22"]
[Round "1"]
[White "Pavlenko, Darya"]
[Black "Zavivaeva, Evelina"]
[Result "0-1"]
[ECO "C00"]
[WhiteElo "1094"]
[BlackElo "1390"]
[Annotator "NA RC"]
[PlyCount "85"]
[EventDate "2018.06.22"]
[EventType "rapid"]
[EventCountry "BLR"]
[SourceTitle "playchess.com"]
[Source "ChessBase"]
[SourceQuality "1"]
[TimeControl "600+5"]

1. e4 e6 2. Nf3 d5 3. e5 Bd7 4. d4 a6 5. Be3 Bb5 6. Bd3 Bxd3 7. Qxd3 h5 8. Nbd2 Nh6 9. O-O-O Be7 10. Rhe1 Nc6 11. Qb3 b5 12. Qc3 Qd7 13. Bg5 b4 14. Qe3 Nf5 15. Qd3 Nfxd4 16. Nxd4 Bxg5 17. Nxc6 Qxc6 18. Kb1 Be7 19. f4 g6 20. Nb3 O-O-O 21. Nd4 Qc4 22. Qxc4 dxc4 23. Nc6 Rxd1+ 24. Rxd1 Bc5 25. b3 c3 26. Rd3 Rf8 27. Kc1 Rg8 28. Kd1 g5 29. g3 gxf4 30. gxf4 Rg1+ 31. Ke2 Rg2+ 32. Kf3 Rf2+ 33. Kg3 Rxc2 34. Rd8+ Kb7 35. Na5+ Kb6 36. Nc4+ Kb7 37. Na5+ Kb6 38. Nc4+ Ka7 39. Rd7 Kb7 40. Rxf7 Rxa2 41. Nd6+ Kc6 42. Nc4 c2 43. Rf6 0-1

[Event "2nd FIDE WCC Rapid G10"]
[Site "Minsk"]
[Date "2018.06.22"]
[Round "1"]
[White "Shenker, Angelina"]
[Black "Marchenko, Yelyzaveta"]
[Result "0-1"]
[ECO "A40"]
[WhiteElo "1035"]
[BlackElo "1510"]
[Annotator "NA RC"]
[PlyCount "136"]
[EventDate "2018.06.22"]
[EventType "rapid"]
[EventCountry "BLR"]
[SourceTitle "playchess.com"]
[Source "ChessBase"]
[SourceQuality "1"]
[TimeControl "600+5"]

1. d4 e6 2. c4 b6 3. Nc3 Bb7 4. e4 Bb4 5. Nge2 Bxe4 6. Bd2 Bb7 7. a3 Bxc3 8. Nxc3 Nf6 9. Bd3 d6 10. O-O O-O 11. Bg5 Nbd7 12. Qc2 h6 13. Bh4 Re8 14. Be4 Bxe4 15. Nxe4 Qe7 16. h3 c5 17. Rad1 Red8 18. Rfe1 Rac8 19. Bg3 Nxe4 20. Qxe4 Nf6 21. Qc2 cxd4 22. Rxd4 b5 23. b3 bxc4 24. Rxc4 Rxc4 25. Qxc4 d5 26. Qc1 Qb7 27. b4 Rc8 28. Qb2 Qc6 29. Re2 Qc1+ 30. Qxc1 Rxc1+ 31. Kh2 Rc3 32. Ra2 Ne4 33. Be5 Rc4 34. f3 Nf6 35. Bxf6 gxf6 36. Kg3 e5 37. Rd2 d4 38. Kg4 Rc3 39. Kf5 Kg7 40. Ke4 Rxa3 41. Rb2 Re3+ 42. Kd5 d3 43. Rd2 f5 44. Kc4 e4 45. fxe4 fxe4 46. Kc3 f5 47. Rf2 Kg6 48. Kd2 Re2+ 49. Rxe2 dxe2 50. Kxe2 Kg5 51. Ke3 h5 52. g3 h4 53. gxh4+ Kxh4 54. b5 Kxh3 55. Kf4 Kg2 56. Ke3 Kg3 57. Kd4 Kf3 58. Kc5 e3 59. Kc6 e2 60. Kb7 e1=Q 61. Kxa7 Qa5+ 62. Kb7 Qxb5+ 63. Kc7 Qa6 64. Kd7 Ke4 65. Kc7 Kd5 66. Kd7 Qb7+ 67. Ke8 Ke6 68. Kf8 Qf7# 0-1

[Event "2nd FIDE WCC Rapid G10"]
[Site "Minsk"]
[Date "2018.06.22"]
[Round "2"]
[White "Shvedova, Alexandra"]
[Black "Nguyen, Binh Vy"]
[Result "1-0"]
[ECO "B33"]
[WhiteElo "1758"]
[BlackElo "1216"]
[Annotator "NA RC"]
[PlyCount "85"]
[EventDate "2018.06.22"]
[EventType "rapid"]
[EventCountry "BLR"]
[SourceTitle "playchess.com"]
[Source "ChessBase"]
[SourceQuality "1"]
[TimeControl "600+5"]

1. e4 c5 2. Ne2 e6 3. d4 cxd4 4. Nxd4 Nf6 5. Nc3 Nc6 6. Ndb5 d6 7. Bf4 e5 8. Bg5 a6 9. Na3 b5 10. Nd5 Be7 11. Bxf6 Bxf6 12. c4 bxc4 13. Nxc4 Nd4 14. Ndb6 Rb8 15. Nxc8 Rxc8 16. Qa4+ Ke7 17. Bd3 Ra8 18. O-O Re8 19. Qb4 a5 20. Qb7+ Kf8 21. Qd5 Be7 22. f4 Kg8 23. fxe5 Ne6 24. exd6 Bf6 25. e5 Bg5 26. Qe4 g6 27. Qf3 Ra7 28. Qf2 Rb7 29. Be4 Rb4 30. Qxf7+ Kh8 31. Bd5 Ng7 32. d7 Rg8 33. Qxg8+ Qxg8 34. Bxg8 Kxg8 35. Rad1 Ne6 36. Nd6 Rxb2 37. Nf7 Be3+ 38. Kh1 Rxa2 39. d8=Q+ Nxd8 40. Nxd8 Bg5 41. Ne6 Be7 42. Rd8+ Bxd8 43. Rf8# 1-0

[Event "2nd FIDE WCC Rapid G10"]
[Site "Minsk"]
[Date "2018.06.22"]
[Round "2"]
[White "Shukhman, Anna"]
[Black "Trifonova, Daria"]
[Result "1-0"]
[ECO "B01"]
[WhiteElo "1577"]
[BlackElo "1129"]
[Annotator "NA RC"]
[PlyCount "79"]
[EventDate "2018.06.22"]
[EventType "rapid"]
[EventCountry "BLR"]
[SourceTitle "playchess.com"]
[Source "ChessBase"]
[SourceQuality "1"]
[TimeControl "600+5"]

1. e4 d5 2. exd5 Nf6 3. Bb5+ c6 4. dxc6 Nxc6 5. Nf3 Qb6 6. Bxc6+ Qxc6 7. d4 Bg4 8. Nbd2 e6 9. O-O Be7 10. c3 O-O 11. Qb3 Bd6 12. h3 Bh5 13. Re1 Rfe8 14. Ne5 Bxe5 15. dxe5 Nd5 16. Ne4 Bg6 17. Nd6 Reb8 18. c4 Nb6 19. Bf4 Rc8 20. Nxc8 Rxc8 21. Rac1 Be4 22. Qg3 Bg6 23. b3 h6 24. Rcd1 Kh7 25. Rd6 Qc7 26. Red1 a6 27. Qe3 Na8 28. Rd7 Qc6 29. R1d6 Qc5 30. Qxc5 Rxc5 31. Rxb7 Ra5 32. Ra7 Rxa2 33. Rxa8 Ra3 34. Rdd8 Bf5 35. Rh8+ Kg6 36. Bxh6 gxh6 37. Rag8+ Kh5 38. g4+ Bxg4 39. hxg4+ Kh4 40. Rxh6# 1-0

[Event "2nd FIDE WCC Rapid G10"]
[Site "Minsk"]
[Date "2018.06.22"]
[Round "2"]
[White "Gupta, Sara"]
[Black "Nandin-Erdene, Davaademberel"]
[Result "1-0"]
[ECO "B23"]
[WhiteElo "1525"]
[BlackElo "1491"]
[Annotator "NA RC"]
[PlyCount "87"]
[EventDate "2018.06.22"]
[EventType "rapid"]
[EventCountry "BLR"]
[SourceTitle "playchess.com"]
[Source "ChessBase"]
[SourceQuality "1"]
[TimeControl "600+5"]

1. e4 c5 2. Nc3 Nc6 3. f4 d6 4. Nf3 a6 5. a4 e5 6. f5 Nf6 7. Bc4 Be7 8. O-O O-O 9. d3 Nd4 10. Nd5 Nxd5 11. Bxd5 Bf6 12. c3 Nxf3+ 13. Rxf3 Rb8 14. c4 Bd7 15. Rh3 h6 16. Qg4 Bg5 17. Bxg5 Qxg5 18. Qxg5 hxg5 19. Rg3 b5 20. axb5 axb5 21. b3 bxc4 22. bxc4 Rb3 23. Ra6 Rb1+ 24. Kf2 Rb2+ 25. Ke1 Rfb8 26. Rxd6 Rb1+ 27. Ke2 R8b2+ 28. Kf3 Rf1+ 29. Ke3 Rbb1 30. Rxd7 Rbe1+ 31. Kd2 Rd1+ 32. Kc2 Rc1+ 33. Kb3 Rb1+ 34. Ka4 Ra1+ 35. Kb5 Rfb1+ 36. Kxc5 Ra5+ 37. Kc6 Ra6+ 38. Kc7 Ra7+ 39. Kc8 Rb8+ 40. Kxb8 Rxd7 41. c5 Kf8 42. c6 Rd8+ 43. Kb7 Ke8 44. c7 1-0

[Event "2nd FIDE WCC Rapid G10"]
[Site "Minsk"]
[Date "2018.06.22"]
[Round "2"]
[White "Marchenko, Yelyzaveta"]
[Black "Kulish, Glafira"]
[Result "1-0"]
[ECO "A45"]
[WhiteElo "1510"]
[BlackElo "1222"]
[Annotator "NA RC"]
[PlyCount "161"]
[EventDate "2018.06.22"]
[EventType "rapid"]
[EventCountry "BLR"]
[SourceTitle "playchess.com"]
[Source "ChessBase"]
[SourceQuality "1"]
[TimeControl "600+5"]

1. d4 Nf6 2. Bf4 g6 3. e3 Bg7 4. Nf3 O-O 5. c4 d6 6. Nc3 Nbd7 7. Be2 c5 8. O-O b6 9. h3 Bb7 10. Qc2 Qc7 11. d5 Nh5 12. Bh2 Nhf6 13. Rfe1 Rfe8 14. Bf1 Bc8 15. Nb5 Qb8 16. Nc3 Nf8 17. e4 N6d7 18. Rad1 Bb7 19. Rd2 Ba6 20. a3 Bb7 21. Qd3 Ba6 22. Qe3 Qc7 23. e5 dxe5 24. Nxe5 Qc8 25. Nxd7 Nxd7 26. Qd3 Nf6 27. Ne4 Qd7 28. b3 Rad8 29. Nxf6+ Bxf6 30. Be2 Bg7 31. Bg4 Qb7 32. Bf3 Qd7 33. Qc2 Qc8 34. Bg4 Qa8 35. Bf3 Bb7 36. Be4 Qc8 37. Red1 Qa8 38. Bd3 Qc8 39. Re2 Qa8 40. Rde1 Rd7 41. Be4 Qc8 42. Bf3 Qa8 43. Bg4 f5 44. Bf3 Qd8 45. Be5 Bxe5 46. Rxe5 Rd6 47. Qe2 Rd7 48. g4 f4 49. Qe4 Rf8 50. Rxe7 Rxe7 51. Qxe7 Qxe7 52. Rxe7 Bc8 53. Rxa7 Rf7 54. Rxf7 Kxf7 55. Kf1 Kf6 56. Ke2 Ke5 57. Kd3 g5 58. Be4 h6 59. f3 Bb7 60. Bg6 Bc8 61. b4 cxb4 62. axb4 Ba6 63. Be8 Bb7 64. Bd7 Kd6 65. Bf5 Ke5 66. Be4 Ba6 67. Kc3 Bb7 68. Bg6 Ba6 69. Be8 Bb7 70. Ba4 Ba6 71. Bc6 Bc8 72. c5 bxc5 73. bxc5 Ba6 74. d6 Bc8 75. d7 Bxd7 76. Bxd7 Kd5 77. c6 Kd6 78. Kc4 Kc7 79. Kd5 Kd8 80. Kd6 h5 81. c7# 1-0

[Event "2nd FIDE WCC Rapid G10"]
[Site "Minsk"]
[Date "2018.06.22"]
[Round "2"]
[White "Kirdyashkina, Ekaterina"]
[Black "Kobak, Polina"]
[Result "0-1"]
[ECO "C01"]
[WhiteElo "1463"]
[BlackElo "1336"]
[Annotator "NA RC"]
[PlyCount "88"]
[EventDate "2018.06.22"]
[EventType "rapid"]
[EventCountry "BLR"]
[SourceTitle "playchess.com"]
[Source "ChessBase"]
[SourceQuality "1"]
[TimeControl "600+5"]

1. e4 e6 2. d4 d5 3. exd5 exd5 4. c4 Nf6 5. Nc3 Bb4 6. Be3 O-O 7. Be2 dxc4 8. Bxc4 Nc6 9. Nge2 Ne7 10. O-O Ned5 11. Nxd5 Nxd5 12. Qb3 Nxe3 13. fxe3 Qe7 14. Nf4 Bd6 15. g3 c6 16. a4 Bxf4 17. Rxf4 Be6 18. Bxe6 fxe6 19. Raf1 Rxf4 20. Rxf4 Rf8 21. Re4 Re8 22. Re5 b6 23. Qc4 Qd6 24. Qc3 c5 25. Kg2 cxd4 26. exd4 Rd8 27. Qc4 Kf7 28. Qf1+ Kg8 29. Qc4 Kf7 30. Rf5+ Ke7 31. Re5 Kf7 32. Rf5+ Ke7 33. Rg5 Kf6 34. Re5 Kf7 35. Qf1+ Kg8 36. Qc4 Kf7 37. Qf1+ Kg8 38. Qc4 Kf7 39. Qe2 Qxd4 40. Rxe6 Qd5+ 41. Re4 Kg8 42. Kg1 Qc5+ 43. Re3 Qc1+ 44. Qf1 Qxe3+ 0-1

[Event "2nd FIDE WCC Rapid G10"]
[Site "Minsk"]
[Date "2018.06.22"]
[Round "2"]
[White "Zavivaeva, Evelina"]
[Black "Khomich, Maryna"]
[Result "1-0"]
[ECO "B13"]
[WhiteElo "1390"]
[BlackElo "1193"]
[Annotator "NA RC"]
[PlyCount "96"]
[EventDate "2018.06.22"]
[EventType "rapid"]
[EventCountry "BLR"]
[SourceTitle "playchess.com"]
[Source "ChessBase"]
[SourceQuality "1"]
[TimeControl "600+5"]

1. d4 c6 2. e4 d5 3. exd5 cxd5 4. Bd3 Nc6 5. c3 Nf6 6. Bf4 g6 7. Nd2 Bg7 8. Ngf3 O-O 9. h3 h5 10. Qc2 Qe8 11. O-O-O Bd7 12. Rde1 Rc8 13. a3 Nh7 14. Nb3 f5 15. Ne5 Nf6 16. Nc5 Nxd4 17. cxd4 b6 18. Kb1 bxc5 19. dxc5 Ba4 20. Qe2 Rxc5 21. Rc1 Rxc1+ 22. Rxc1 Kh7 23. Nf3 Rf7 24. Ng5+ Kg8 25. Nxf7 Qxf7 26. f3 Nd7 27. Rc8+ Kh7 28. Rc7 e5 29. Bh2 Qe6 30. Rc1 Nb6 31. Bb5 Bxb5 32. Qxb5 e4 33. Qe2 Qf6 34. fxe4 dxe4 35. Qc2 Nc4 36. Qc3 Qxc3 37. bxc3 Nxa3+ 38. Ka2 Nc4 39. Bf4 Kg8 40. Rd1 Nb6 41. c4 Nxc4 42. Rd8+ Kf7 43. Rd7+ Kf6 44. Rxa7 Bf8 45. Rd7 e3 46. Rd1 g5 47. Bh2 f4 48. Rf1 Bb4 {time} 1-0

[Event "2nd FIDE WCC Rapid G10"]
[Site "Minsk"]
[Date "2018.06.22"]
[Round "2"]
[White "Ho, Ngoc Vy"]
[Black "Szczotka, Klara"]
[Result "0-1"]
[ECO "A80"]
[WhiteElo "1275"]
[BlackElo "1465"]
[Annotator "NA RC"]
[PlyCount "152"]
[EventDate "2018.06.22"]
[EventType "rapid"]
[EventCountry "BLR"]
[SourceTitle "playchess.com"]
[Source "ChessBase"]
[SourceQuality "1"]
[TimeControl "600+5"]

1. d4 f5 2. Nf3 Nf6 3. c4 g6 4. Nc3 Bg7 5. e3 O-O 6. Be2 d6 7. O-O Qe8 8. b3 e5 9. dxe5 dxe5 10. Bb2 c6 11. Qd6 Nbd7 12. c5 h6 13. Bc4+ Kh7 14. b4 e4 15. Nd4 Ne5 16. Bb3 Nh5 17. Ne6 Bxe6 18. Qxe6 Qxe6 19. Bxe6 Rfe8 20. Bb3 Rad8 21. Rad1 Nd3 22. Ba1 Rd7 23. b5 cxb5 24. Nxb5 Bxa1 25. Rxa1 Nxc5 26. Nxa7 Red8 27. Nb5 Nxb3 28. axb3 Ng7 29. Nd4 Rd6 30. Rfc1 R6d7 31. h3 Kg8 32. Ra7 Kf7 33. Kf1 Ne6 34. Nb5 Ke7 35. Nc3 Nc5 36. b4 Nd3 37. Rd1 Nxb4 38. Rb1 Nc6 39. Raxb7 Rxb7 40. Rxb7+ Rd7 41. Rb6 Ne5 42. Rb5 Nd3 43. Nd5+ Ke6 44. Nc3 Rc7 45. Rb6+ Kf7 46. Nd5 Rc1+ 47. Ke2 Rc2+ 48. Kd1 Rxf2 49. Rf6+ Kg7 50. Ra6 h5 51. Ra7+ Kh6 52. Ne7 Rxg2 53. Ng8+ Kg5 54. Ne7 Kh4 55. Ra6 Kxh3 56. Nxg6 Rg1+ 57. Kc2 Nb4+ 58. Kb3 Nxa6 59. Nf4+ Kh4 60. Ne2 Re1 61. Nf4 Rxe3+ 62. Kc2 Kg4 63. Nd5 Re2+ 64. Kd1 Ra2 65. Ne3+ Kf4 66. Nd5+ Ke5 67. Nc3 Ra3 68. Nb1 Ra1 69. Kc2 Rxb1 70. Kxb1 e3 71. Kc2 f4 72. Kd1 f3 73. Ke1 h4 74. Kf1 h3 75. Kg1 h2+ 76. Kxh2 e2 0-1

[Event "2nd FIDE WCC Rapid G10"]
[Site "Minsk"]
[Date "2018.06.22"]
[Round "2"]
[White "Antonova, Arina A"]
[Black "Kleymenova, Valeria"]
[Result "0-1"]
[ECO "C01"]
[WhiteElo "1264"]
[BlackElo "1669"]
[Annotator "NA RC"]
[PlyCount "80"]
[EventDate "2018.06.22"]
[EventType "rapid"]
[EventCountry "BLR"]
[SourceTitle "playchess.com"]
[Source "ChessBase"]
[SourceQuality "1"]
[TimeControl "600+5"]

1. e4 e6 2. d4 d5 3. exd5 exd5 4. Nf3 Nf6 5. Bg5 Bd6 6. Nc3 c6 7. Bd3 O-O 8. O-O Bg4 9. h3 Bh5 10. Be2 Nbd7 11. Ne5 Bxe2 12. Qxe2 Re8 13. Qf3 Bxe5 14. dxe5 Nxe5 15. Qg3 Ng6 16. Rfe1 Rxe1+ 17. Rxe1 h6 18. Bh4 Nxh4 19. Qxh4 Qb6 20. b3 Qc5 21. Re3 Kh7 22. Rg3 Re8 23. Qf4 Qe7 24. Re3 Qd7 25. Na4 b6 26. Rd3 Nh5 27. Qf3 Re1+ 28. Kh2 Qc7+ 29. g3 Nf6 30. Qf5+ Kg8 31. c4 Re5 32. Qf4 Qe7 33. Re3 Rxe3 34. fxe3 dxc4 35. bxc4 Qa3 36. Qb8+ Kh7 37. Qxa7 b5 38. cxb5 cxb5 39. Qxf7 Qxa4 40. g4 Qe4 0-1